 Dungeon Crawl Stone Soup version 0.21.1-1-g345015f (webtiles) character file.

17283 vatarom the Martial Artist (level 12, -10/96 HPs)
             Began as an Octopode Transmuter on May 5, 2018.
             Was an Initiate of Gozag.
             Mangled by an eight-headed hydra (13 damage)
             ... on level 2 of the Lair of Beasts.
             The game lasted 00:41:49 (14752 turns).

vatarom the Martial Artist (Octopode Transmuter)   Turns: 14752, Time: 00:41:51

Health: -10/96     AC:  6    Str: 13    XL:     12   Next: 46%
Magic:  8/20       EV: 16    Int: 15    God:    Gozag
Gold:   781        SH:  6    Dex: 14    Spells: 7/22 levels left

rFire    . . .     SeeInvis +     - Unarmed
rCold    + + +     Gourm    .   (shield currently unavailable)
rNeg     . . .     Faith    .   (helmet currently unavailable)
rPois    +         Spirit   .   C - +6 amulet of reflection
rElec    .         Reflect  +   t - ring of see invisible
rCorr    .         Harm     .   o - ring of wizardry
MR       .....                  D - ring of protection from fire
Stlth    ++++......             (no ring)
HPRegen  0.26/turn              (no ring)
MPRegen  0.17/turn              (no ring)
                                (no ring)
                                (no ring)

@: ice-form
A: large, almost no armour, stealthy swim, amphibious, 8 rings, (constrict 8)
a: End Transformation, Potion Petition, Call Merchant, Bribe Branch, Renounce
Religion


You were on level 2 of the Lair of Beasts.
You worshipped Gozag.
Gozag was pleased with you.
You were not hungry.
You were a creature of crystalline ice.
You visited 3 branches of the dungeon, and saw 14 of its levels.
You also visited: Sewer.

You collected 2667 gold pieces.
You spent 560 gold pieces at shops.
You paid 1326 gold pieces to Gozag.

Inventory:

Missiles
 l - 6 curare-tipped needles
 z - 67 arrows
Jewellery
 o - a ring of wizardry (right front paw)
 t - a ring of see invisible (left front paw)
 C - a +6 amulet of reflection (around neck)
 D - a ring of protection from fire (on tentacle)
Wands
 e - a wand of iceblast (7)
 f - a wand of paralysis (7)
 A - a wand of polymorph (17)
Scrolls
 j - 3 scrolls of remove curse
 m - a scroll of teleportation
 n - a scroll of fog
 q - a scroll of enchant armour {unknown}
 s - a scroll of fear
 u - 3 scrolls of enchant weapon
 x - 2 scrolls of amnesia
 y - a scroll of torment {unknown}
Potions
 a - a potion of mutation {unknown}
 d - a potion of resistance {unknown}
 g - 2 potions of flight
 h - 2 potions of invisibility {unknown}
 i - 2 potions of magic {unknown}
 p - 2 potions of lignification {unknown}
 r - a potion of might {unknown}
 v - a potion of degeneration {unknown}
 w - a potion of agility
 B - a potion of brilliance {unknown}
Books
 b - a book of Changes

   Spells                             Type                      Level
   a - Beastly Appendage              Transmutation                1
   b - Sticks to Snakes               Transmutation                2
   c - Spider Form                    Transmutation/Poison         3
   d - Ice Form                       Ice/Transmutation            4
   e - Blade Hands                    Transmutation                5
Miscellaneous
 E - a phial of floods (inert)
Comestibles
 c - 6 rations


   Skills:
 * Level 6.7 Fighting
 + Level 10.5 Dodging
 - Level 9.7 Stealth
 + Level 11.5 Unarmed Combat
 - Level 5.5 Spellcasting
 - Level 7.3 Transmutations


You had 7 spell levels left.
You knew the following spells:

 Your Spells              Type           Power        Failure   Level  Hunger
a - Beastly Appendage     Tmut           ####..       1%          1    None
b - Sticks to Snakes      Tmut           ####....     1%          2    #......
c - Spider Form           Tmut/Pois      ###.......   4%          3    ###....
d - Ice Form              Ice/Tmut       ###.....     13%         4    ####...
e - Blade Hands           Tmut           ####......   9%          5    ######.


Dungeon Overview and Level Annotations

Branches:
Dungeon (11/15)            Temple (1/1) D:4            Lair (2/6) D:9
  Swamp: Lair:2-4    Shoals: Lair:2-4     Snake: Lair:2-4    Spider: Lair:2-4
    Orc: D:9-12

Altars:
Ashenzari
Cheibriados
Dithmenos
Fedhas
Gozag
Hepliaklqana
Kikubaaqudgha
Nemelex Xobeh
Okawaru
Qazlal
Ru
Sif Muna
Trog
Uskayaw
Vehumet
Wu Jian
Yredelemnul
Zin
The Shining One

Shops:
D:9 %   Lair:2 %

Annotations:
D:2 Sigmund
D:3 Wander's ghost, amateur HuWn
Lair:1 Akransas's ghost, journeyman OgFi


Innate Abilities, Weirdness & Mutations

You cannot wear most types of armour.
You are very stealthy in the water. (Stealth+)
You are amphibious.
You can wear up to eight rings at the same time.
((You can use your tentacles to constrict eight enemies at once.))
((Your skin changes colour to match your surroundings (Stealth+).))
((Your rubbery body absorbs attacks. (AC +1, EV +1)))


Message History

The eight-headed hydra closely misses you.
The eight-headed hydra bites you.
* * * LOW HITPOINT WARNING * * *
The eight-headed hydra misses you. The eight-headed hydra bites you.
* * * LOW HITPOINT WARNING * * *
A wolf comes into view.
As you read the scroll of fear, it crumbles to dust.
You assume a fearsome visage.
The eight-headed hydra resists with some effort.
The spiny frog looks frightened!
The wolf looks frightened! x3
The wolf howls!
The wolf moves out of view.
The eight-headed hydra bites you.
* * * LOW HITPOINT WARNING * * *
The eight-headed hydra bites you!
* * * LOW HITPOINT WARNING * * *
The eight-headed hydra bites you.
* * * LOW HITPOINT WARNING * * *
The eight-headed hydra bites you!
You die...
Your body crumbles into a pile of gold.

..........#
.......∩.##
#.##..##.P# #.#
#..## #. ##..# #..
#F.# ... #.## #P.
#D## #P.####Y.##
P####.#....#.#
..........h###
............#
.............###
...............#
...........h.P.###
........♣h.......#
......♣.........##


You could see an eight-headed hydra, a spiny frog (fleeing) and 3 wolves.

Vanquished Creatures
  Erolcha (D:9)
  5 two-headed ogres
  3 elephants (Lair:2)
  A cyclops (D:11)
  Maurice (D:8)
  2 gargoyles (D:10)
  A spiny frog (Lair:2)
  A komodo dragon (Lair:1)
  A troll (D:10)
  Prince Ribbit (D:6)
  A hornet (D:10)
  4 blink frogs (Lair:1)
  A hippogriff (Lair:1)
  A wyvern (Lair:2)
  Eustachio (D:6)
  A human (D:7)
  4 hogs (D:7)
  15 yaks
  A steam dragon (D:9)
  A hungry ghost (D:7)
  3 water moccasins
  3 porcupines
  A sky beast (D:7)
  A black bear (D:8)
  2 phantoms
  6 orc warriors
  4 ice beasts
  An eye of draining (D:9)
  3 necrophages (D:9)
  6 centaurs
  A crocodile (Lair:2)
  6 big kobolds
  7 bullfrogs
  A wyvern skeleton (D:8)
  2 scorpions
  A howler monkey (D:5)
  An electric eel (D:9)
  4 crimson imps
  3 hounds
  A quasit (D:10)
  2 centaur zombies (D:9)
  A jelly (D:5)
  A gnoll shaman (D:7)
  6 orc priests
  Terence (D:2)
  10 orc wizards
  3 iguanas
  Natasha (thrice) (D:4)
  5 worker ants
  A hound skeleton (D:5)
  11 gnolls
  10 adders
  2 river rats
  4 shadow imps
  5 oozes (Sewer)
  2 adder zombies
  A dart slug (D:1)
  7 worms
  6 leopard geckos
  31 orcs
  6 ball pythons
  6 bats
  8 giant cockroaches
  5 goblins
  3 hobgoblins (D:3)
  14 jackals
  3 quokkas
  4 frilled lizards
  16 kobolds
  15 rats
  2 bushes (D:9)
298 creatures vanquished.

Vanquished Creatures (collateral kills)
  A yak (D:10)
  An ice beast (D:7)
  A scorpion (D:7)
  An orc (D:7)
  A hobgoblin (D:2)
  A kobold (D:2)
6 creatures vanquished.

Vanquished Creatures (others)
  14 fungi (Lair:2)
  7 plants
21 creatures vanquished.

Grand Total: 325 creatures vanquished

Notes
Turn   | Place    | Note
-------+----------+-------------------------------------------
     0 | D:1      | vatarom the Octopode Transmuter began the quest for the Orb.
     0 | D:1      | Reached XP level 1. HP: 13/13 MP: 3/3
   180 | D:1      | Reached XP level 2. HP: 18/18 MP: 1/5
   337 | D:1      | Learned a level 2 spell: Sticks to Snakes
   737 | D:2      | Reached skill level 1 in Stealth
   738 | D:2      | Reached XP level 3. HP: 22/23 MP: 4/6
   918 | D:2      | Noticed Sigmund
  1035 | D:2      | Noticed Terence
  1086 | D:2      | Learned a level 3 spell: Spider Form
  1428 | D:3      | Found a faded altar of an unknown god.
  1505 | D:3      | Found a glowing golden altar of the Shining One.
  1514 | D:3      | Noticed Wander's ghost (amateur HuWn)
  1594 | D:2      | Killed Terence
  1594 | D:2      | Reached XP level 4. HP: 18/28 MP: 2/7
  1702 | D:3      | Found an opulent altar of Gozag.
  1732 | D:3      | Reached skill level 4 in Unarmed Combat
  1813 | D:3      | Reached XP level 5. HP: 16/33 MP: 4/8
  1926 | D:3      | Became a worshipper of Gozag Ym Sagoz the Greedy
  2131 | D:4      | Found a staircase to the Ecumenical Temple.
  2167 | Temple   | Entered the Ecumenical Temple
  2347 | D:4      | Found a glowing drain.
  2490 | Sewer    | Entered a sewer
  2506 | Sewer    | Noticed a big kobold
  2526 | Sewer    | Killed a big kobold
  2592 | Sewer    | Noticed a big kobold
  2608 | Sewer    | Killed a big kobold
  2608 | Sewer    | Reached XP level 6. HP: 31/38 MP: 9/9
  2841 | Sewer    | Reached skill level 5 in Stealth
  2841 | Sewer    | Reached skill level 5 in Unarmed Combat
  2917 | Sewer    | Reached XP level 7. HP: 29/43 MP: 10/10
  3315 | D:4      | Noticed Natasha
  3320 | D:4      | Killed Natasha
  3453 | D:4      | Noticed Natasha
  3466 | D:4      | Killed Natasha
  3466 | D:4      | Reached skill level 5 in Transmutations
  3580 | D:4      | Noticed Natasha
  3586 | D:4      | Killed Natasha
  3787 | D:5      | Entered Level 5 of the Dungeon
  3994 | D:5      | Reached XP level 8. HP: 41/48 MP: 11/11
  4008 | D:5      | Reached skill level 6 in Unarmed Combat
  5327 | D:6      | Noticed Prince Ribbit
  5334 | D:6      | Killed Prince Ribbit
  5438 | D:6      | Noticed Eustachio
  5446 | D:6      | Reached skill level 7 in Unarmed Combat
  5471 | D:6      | Reached XP level 9. HP: 47/53 MP: 9/12
  5706 | D:6      | Killed Eustachio
  6162 | D:7      | Learned a level 5 spell: Blade Hands
  6168 | D:7      | Learned a level 4 spell: Ice Form
  7155 | D:7      | Noticed a two-headed ogre
  7192 | D:7      | Reached skill level 8 in Unarmed Combat
  7203 | D:7      | Killed a two-headed ogre
  7203 | D:7      | Reached skill level 5 in Dodging
  7617 | D:7      | Reached XP level 10. HP: 21/58 MP: 13/13
  7657 | D:7      | Reached skill level 9 in Unarmed Combat
  8077 | D:8      | Noticed Maurice
  8620 | D:8      | Killed Maurice
  8873 | D:8      | Found a glowing silver altar of Zin.
  9444 | D:9      | Found a blossoming altar of Fedhas.
  9525 | D:9      | Noticed Erolcha
  9536 | D:9      | Killed Erolcha
  9949 | D:9      | Reached skill level 10 in Unarmed Combat
  9949 | D:9      | Reached XP level 11. HP: 40/63 MP: 10/16
 10045 | D:9      | Found a staircase to the Lair.
 10660 | D:10     | Entered Level 10 of the Dungeon
 10733 | D:10     | Noticed a two-headed ogre
 10745 | D:10     | Killed a two-headed ogre
 10799 | D:10     | Noticed a two-headed ogre
 10831 | D:10     | Killed a two-headed ogre
 11143 | D:10     | Noticed a two-headed ogre
 11156 | D:10     | Killed a two-headed ogre
 11156 | D:10     | Reached skill level 5 in Spellcasting
 11555 | D:10     | Noticed a two-headed ogre
 11574 | D:10     | Killed a two-headed ogre
 12073 | D:10     | Learned a level 5 spell: Blade Hands
 12105 | D:10     | Reached skill level 11 in Unarmed Combat
 12344 | D:10     | Paralysed by a hornet for 1 turns
 12348 | D:10     | Reached skill level 10 in Dodging
 12348 | D:10     | Reached XP level 12. HP: 37/75 MP: 15/20
 12913 | D:11     | Reached skill level 5 in Fighting
 13100 | Lair:1   | Entered Level 1 of the Lair of Beasts
 13560 | Lair:1   | Noticed Akransas's ghost (journeyman OgFi)
 13905 | D:9      | Bought a ration for 70 gold pieces
 13905 | D:9      | Bought a ration for 70 gold pieces
 13905 | D:9      | Bought a ration for 70 gold pieces
 13905 | D:9      | Bought a ration for 70 gold pieces
 13905 | D:9      | Bought a ration for 70 gold pieces
 13905 | D:9      | Bought a ration for 70 gold pieces
 13905 | D:9      | Bought a ration for 70 gold pieces
 13905 | D:9      | Bought a ration for 70 gold pieces
 14731 | Lair:2   | Noticed an eight-headed hydra
 14752 | Lair:2   | HP: 3/96 [eight-headed hydra (3)]
 14752 | Lair:2   | Mangled by an eight-headed hydra

Skill      XL: |  1  2  3  4  5  6  7  8  9 10 11 12 |
---------------+-------------------------------------+-----
Stealth        | 1 2 3 4 5 6 9 |  9.7
Transmutations | 3 4 5 6 7 |  7.3
Unarmed Combat | 4 5 7 8 10 11 | 11.5
Dodging        | 5 8 10 | 10.5
Spellcasting   | 3 5 |  5.5
Fighting       | 4 6 |  6.7

Action                   |  1- 3 |  4- 6 |  7- 9 | 10-12 || total
-------------------------+-------+-------+-------+-------++-------
Melee: Unarmed           |    94 |   115 |   290 |   527 ||  1026
       Constrict         |    16 |    13 |    27 |    33 ||    89
       Kick              |     9 |     3 |       |     1 ||    13
       Tentacles         |    16 |    14 |    31 |    61 ||   122
       Punch             |     3 |       |     4 |    24 ||    31
 Cast: Beastly Appendage |     9 |     1 |       |     2 ||    12
       Sticks to Snakes  |    12 |       |    26 |    10 ||    48
       Spider Form       |     3 |     6 |    17 |    20 ||    46
       Ice Form          |       |       |     1 |     8 ||     9
       Blade Hands       |       |       |       |    10 ||    10
Invok: Potion Petition   |       |       |       |     1 ||     1
       Call Merchant     |       |       |       |     2 ||     2
 Abil: End Transformatio |       |       |       |     2 ||     2
Evoke: Wand              |       |       |     1 |     1 ||     2
       Phial of floods   |       |       |       |     1 ||     1
  Use: Scroll            |     4 |       |     7 |    11 ||    22
       Potion            |     2 |     1 |     8 |     3 ||    14
 Stab: Sleeping          |     6 |    10 |    17 |    20 ||    53
       Distracted        |       |     2 |     1 |     5 ||     8
       Invisible         |       |       |       |     2 ||     2
  Eat: Chunk             |     4 |     2 |       |       ||     6
       Ration            |       |     1 |     6 |    11 ||    18
Armor: Skin              |    10 |     5 |    23 |    16 ||    54
Dodge: Dodged            |    78 |    72 |   200 |   289 ||   639
Block: Other             |       |       |       |    56 ||    56
       Reflection        |       |       |       |     2 ||     2
